 Dungeon Sprint DCSS version 0.30-a0-737-gf23d94013f (webtiles) character file.

Game seed: 17851117340783277148

19 rocky1 the Stinger (level 2, -3/15 HPs)
             Began as a Deep Elf Venom Mage on Feb 1, 2023.
             Was a Believer of Vehumet.
             Slain by a mummy (18 damage)
             ... in the Dungeon (Sprint VII: "The Pits").
             The game lasted 00:01:23 (362 turns).

rocky1 the Stinger (Deep Elf Venom Mage)             Turns: 362, Time: 00:01:24

Health: -3/15      AC:  2    Str:  5    XL:     2   Next: 55%
Magic:  9/9        EV: 13    Int: 19    God:    Vehumet [**....]
Gold:   0          SH:  0    Dex: 15    Spells: 8/9 levels left

rFire   . . .      SeeInvis .    k - +2 falchion
rCold   . . .      Faith    .    (no shield)
rNeg    . . .      Spirit   .    a - +0 robe
rPois   .          Reflect  .    (no helmet)
rElec   .          Harm     .    (no cloak)
rCorr   .          Rampage  .    (no gloves)
Will    .....      NoTele   +    (no boots)
Stlth   ++                       (no amulet)
HPRegen 0.22/turn                (no ring)
MPRegen 0.11/turn                (no ring)

@: no status effects
A: no striking features
a: Renounce Religion


You were in the Dungeon.
You worshipped Vehumet.
Vehumet was pleased with you.
You visited 1 branch

Inventory:

Hand Weapons
 k - a +2 falchion (weapon)
 l - a +2 quarterstaff
Armour
 a - a +0 robe (worn)
Scrolls
 g - a scroll of blinking
 i - 5 scrolls of amnesia
 j - a scroll of summoning
Potions
 b - 5 potions of magic
 c - a potion of curing
 d - a potion of heal wounds
 e - a potion of haste
 f - 3 potions of berserk rage
 h - 2 potions of invisibility


   Skills:
 + Level 3.2 Dodging
 + Level 3.0 Stealth
 + Level 4.4 Spellcasting
 + Level 1.9 Transmutations
 + Level 5.1 Poison Magic


You had 8 spell levels left.
You knew the following spells:

 Your Spells              Type           Power      Damage    Failure   Level
a - Sting                 Tmut/Pois      68%        1d6       3%          1

Your spell library contained the following spells:

 Spells                   Type           Power      Damage    Failure   Level
 Freeze                   Ice            16%        1d4       13%         1
 Poisonous Vapours        Pois/Air       28%        N/A       7%          2
 Olgreb's Toxic Radiance  Pois           23%        N/A       16%         4
 Mephitic Cloud           Conj/Pois/Air  10%        N/A       21%         3


Dungeon Overview and Level Annotations

Branches:
Dungeon (1/1)

Altars:
Ashenzari
Cheibriados
Dithmenos
Elyvilon
Fedhas
Gozag
Hepliaklqana
Kikubaaqudgha
Makhleb
Nemelex Xobeh
Okawaru
Qazlal
Ru
Sif Muna
Trog
Uskayaw
Vehumet
Wu Jian
Xom
Yredelemnul
Zin
The Shining One
Jiyva
Lugonu


Message History

Vehumet accepts your kill.
You feel your power returning. The orc completely misses you.
Aiming: Sting (safe; 3% risk of failure)
Press: ? - help, Q - select action Shift-Dir - straight line, f/p - orc
Aim: an orc, wielding a +0 short sword (severely wounded, poisoned, 74% to hit)
The sting hits the orc.
The orc looks even sicker.
The orc is almost dead.
You kill the orc!
Vehumet accepts your kill.
You feel your power returning.
Things that are here:
a +0 trident; a +0 leather armour; an orc corpse
There is an open door here.
You see here a quokka corpse.
Your magical contamination has completely faded away.
There is an open door here.
There is an open door here.
Things that are here:
a +2 mace; a +2 hand axe
Things that are here:
a +2 quarterstaff; a +2 trident
Things that are here:
a +2 falchion; a +2 dagger
k - a +2 falchion
Things that are here:
a +2 quarterstaff; a +2 trident
l - a +2 quarterstaff
k - a +2 falchion (weapon)
Things that are here:
a +2 mace; a +2 hand axe
There is an open door here.
There is an open door here.
There is an open door here.
You see here a quokka corpse.
There is an open door here.
You see here a +0 short sword.
You see here a giant cockroach corpse.
You barely miss the mummy. The mummy hits you!!
Ouch! That really hurt!
You die...

#...........'...÷........
#+#####'#####......#..#..
#.....# #............
#.....# ####'#####++#
###†### #.......# #...).#
#.......# #.....#
#.......#
####)##+###...<...#
#)..†.@M.##.......#
#........##.......#
###########.......#
#########


You could see a mummy.

Vanquished Creatures
  An adder (D)
  2 orcs (D)
  2 giant cockroaches (D)
  A kobold (D)
  A quokka (D)
  A frilled lizard (D)
8 creatures vanquished.

Notes
Turn   | Place    | Note
-------+----------+-------------------------------------------
     0 | D        | rocky1 the Deep Elf Venom Mage began the quest for the Orb.
     0 | D        | Reached XP level 1. HP: 10/10 MP: 6/6
    20 | D        | Reached skill level 4 in Poison Magic
    20 | D        | Reached XP level 2. HP: 10/15 MP: 2/8
   153 | D        | Found a bloodstained altar of Trog.
   153 | D        | Found a shimmering blue altar of Sif Muna.
   153 | D        | Found a viscous altar of Jiyva.
   153 | D        | Found a hazy altar of Hepliaklqana.
   153 | D        | Found an opulent altar of Gozag.
   154 | D        | Found a glowing golden altar of the Shining One.
   154 | D        | Found a glowing silver altar of Zin.
   154 | D        | Found a basalt altar of Yredelemnul.
   154 | D        | Found a shimmering altar of Xom.
   154 | D        | Found an ornate altar of the Wu Jian Council.
   154 | D        | Found a sacrificial altar of Ru.
   154 | D        | Found a stormy altar of Qazlal.
   154 | D        | Found an iron altar of Okawaru.
   154 | D        | Found a sparkling altar of Nemelex Xobeh.
   154 | D        | Found a burning altar of Makhleb.
   154 | D        | Found a blossoming altar of Fedhas.
   154 | D        | Found a white marble altar of Elyvilon.
   154 | D        | Found a shadowy altar of Dithmenos.
   154 | D        | Found a snail-covered altar of Cheibriados.
   157 | D        | Found a corrupted altar of Lugonu.
   157 | D        | Found a radiant altar of Vehumet.
   158 | D        | Found an ancient bone altar of Kikubaaqudgha.
   158 | D        | Found a hide-covered altar of Uskayaw.
   158 | D        | Found a broken altar of Ashenzari.
   166 | D        | Became a worshipper of Vehumet
   243 | D        | Reached * piety under Vehumet
   243 | D        | Offered knowledge of Freeze by Vehumet.
   250 | D        | Reached skill level 5 in Poison Magic
   321 | D        | Reached ** piety under Vehumet
   362 | D        | Slain by a mummy

Illustrated notes

Levels and vault maps discovered:
D:        pitsprint [storerooms_1, entrance_room_1, metal_vault_8, armoury_2,
          mini_pit_1, grid_room_1, main_hall_1, silver_pit, the_coven_3,
          the_vestibule_1, steel_vault_1, golden_pit, hallway_of_sentries,
          crystal_vault_1, iron_vault_2, final_vault]

Skill      XL: |  1  2 |
---------------+-------+-----
Poison Magic   | 4 5 |  5.1
Dodging        | 3 |  3.2
Spellcasting   | 4 |  4.4
Stealth        | 3 |  3.0
Transmutations | |  1.9

Action                     || total
---------------------------++-------
  Melee: Falchion          ||     1
   Cast: Sting             ||    18
 Armour: Robe              ||     1
  Dodge: Dodged            ||     8

Table legend: (Time is in decaauts)
 A = Elapsed time spent in this place.
 B = Non-inter-level travel time spent in this place.
 C = Inter-level travel time spent in this place.
 D = Time resting spent in this place.
 E = Time spent auto-exploring this place.
 F = Levels seen in this place.
 G = Mean time per level.
                   A        B        C        D        E       F      G
               +--------+--------+--------+--------+--------+-----+--------+
         Total |    361 |    361 |      0 |    208 |      0 |   1 |  361.0 |
       Dungeon |    361 |    361 |      0 |    208 |      0 |   1 |  361.0 |
               +--------+--------+--------+--------+--------+-----+--------+

Top non-repeatable levels by time:
       D: 361 daAuts
